 Dungeon Crawl Stone Soup version 0.30-a0-605-gb2882149bf (webtiles) character file.

Game seed: 14357261445384431718

1819956 wormed the Wrestler (level 26, 152/199 HPs)
             Began as an Octopode Transmuter on Jan 7, 2023.
             Was an Initiate of Gozag.
             Escaped with the Orb
             ... and 3 runes!
             The game lasted 01:26:01 (56790 turns).

wormed the Wrestler (Octopode Transmuter)          Turns: 56790, Time: 01:26:01

Health: 152/199    AC:  8    Str: 32    XL:     26   Next: 91%
Magic:  44/44      EV: 24    Int: 40    God:    Gozag
Gold:   4148       SH:  0    Dex: 15    Spells: 47/59 levels left

rFire   + + .      SeeInvis +    s - staff of air
rCold   + + .      Faith    .    (no shield)
rNeg    + . .      Spirit   .    P - +1 hat "Evoblyn" {Rampage Int+3}
rPois   +          Reflect  .    j - amulet of the Tempest {rC+ Regen+ Int+4 Dex+3}
rElec   +          Harm     .    b - ring "Dingucs" {rPois Will+ Int+3}
rCorr   +          Rampage  +    M - +4 ring of protection
Will    ++...                    v - ring of Arame {Wiz Str+9}
Stlth   +                        Q - ring of Miskuz {rPois rN+ Int+4}
HPRegen 1.33/turn                X - +6 ring of intelligence
MPRegen 0.29/turn                O - ring "Appugu" {rC+ Str+7 Int-2 SInv}
                                 U - ring of Noon {rF+ Str+3 Int-2 SInv}
                                 S - ring "Nawkih" {rF+ rCorr}

@: no status effects
A: almost no armour, amphibious, 8 rings, camouflage 1, gelatinous body 1,
(nimble swimmer 1), tentacles, iridescent scales 1
0: Orb of Zot
}: 3/15 runes: serpentine, barnacled, silver
a: Renounce Religion, Potion Petition, Call Merchant, Bribe Branch


You escaped.
You worshipped Gozag.
Gozag was most pleased with you.
You visited 10 branches of the dungeon, and saw 48 of its levels.
You visited the Abyss 1 time.
You visited 1 bazaar.
You also visited: Trove, Ice Cave, Wizlab and Desolation.

You collected 29172 gold pieces.
You spent 7591 gold pieces at shops.
You paid 17433 gold pieces to Gozag.

Inventory:

Missiles
 t - a throwing net
Armour
 P - the +1 hat "Evoblyn" (worn) {Rampage Int+3}
   (You acquired it on level 2 of the Orcish Mines)

   Int:       It affects your intelligence (+3).
   Rampage:   It bestows one free step when moving towards enemies.
Magical Staves
 s - a staff of air (weapon)
Jewellery
 b - the ring "Dingucs" (left tentacle) {rPois Will+ Int+3}
   (You acquired it on level 1 of the Dungeon)

   [ring of willpower]

   Int:       It affects your intelligence (+3).
   rPois:     It protects you from poison.
   Will:      It increases your willpower.
 j - the amulet of the Tempest (around mantle) {rC+ Regen+ Int+4 Dex+3}
   (You took it off an orc warlord on level 11 of the Dungeon)

   [amulet of regeneration]

   Int:       It affects your intelligence (+4).
   Dex:       It affects your dexterity (+3).
   rC:        It protects you from cold.
   Regen:     It increases your rate of health regeneration.
 v - the ring of Arame (on tentacle) {Wiz Str+9}
   (You found it in a treasure trove)

   [ring of wizardry]

   It improves your spell success rate.
   Str:       It affects your strength (+9).
 M - a +4 ring of protection (right tentacle)
 O - the ring "Appugu" (on tentacle) {rC+ Str+7 Int-2 SInv}
   (You bought it in a shop on level 2 of the Orcish Mines)

   [ring of see invisible]

   Str:       It affects your strength (+7).
   Int:       It affects your intelligence (-2).
   rC:        It protects you from cold.
   SInv:      It lets you see invisible.
 Q - the ring of Miskuz (on tentacle) {rPois rN+ Int+4}
   (You found it in the Desolation of Salt)

   [ring of poison resistance]

   Int:       It affects your intelligence (+4).
   rPois:     It protects you from poison.
   rN:        It protects you from negative energy.
 S - the ring "Nawkih" (on tentacle) {rF+ rCorr}
   (You bought it in a shop on level 2 of the Orcish Mines)

   [ring of protection from fire]

   rF:        It protects you from fire.
   rCorr:     It protects you from acid and corrosion.
 U - the ring of Noon (on tentacle) {rF+ Str+3 Int-2 SInv}
   (You found it on level 4 of the Shoals)

   [ring of protection from fire]

   Str:       It affects your strength (+3).
   Int:       It affects your intelligence (-2).
   rF:        It protects you from fire.
   SInv:      It lets you see invisible.
 X - a +6 ring of intelligence (on tentacle)
Wands
 g - a wand of roots (16)
 k - a wand of digging (4) (quivered)
 w - a wand of charming (6)
 x - a wand of light (4)
 y - a wand of mindburst (3)
 D - a wand of flame (9)
Scrolls
 a - a scroll of blinking
 i - 7 scrolls of immolation
 n - 24 scrolls of teleportation
 z - 11 scrolls of fog
 A - 7 scrolls of enchant armour
 C - 7 scrolls of fear
 E - 10 scrolls of amnesia
 F - 7 scrolls of vulnerability
 I - 8 scrolls of silence
 J - 3 scrolls of summoning
 L - a scroll of brand weapon
 R - 6 scrolls of magic mapping
 V - 4 scrolls of poison
 Y - 7 scrolls of enchant weapon
Potions
 c - 7 potions of brilliance
 d - 2 potions of berserk rage
 e - 9 potions of flight
 f - 24 potions of curing
 h - 10 potions of heal wounds
 l - 10 potions of attraction
 m - 6 potions of ambrosia
 o - 3 potions of magic
 q - 5 potions of lignification
 r - 11 potions of invisibility
 u - 6 potions of haste
 B - 6 potions of mutation
 G - 2 potions of cancellation
 N - 2 potions of might
 W - 4 potions of resistance


   Skills:
 - Level 21.0 Fighting
 - Level 21.0 Dodging
 - Level 21.0 Unarmed Combat
 - Level 17.0 Spellcasting
 + Level 1.8 Necromancy
 - Level 19.0 Transmutations
 - Level 4.0 Ice Magic
 - Level 19.0 Air Magic


You had 47 spell levels left.
You knew the following spells:

 Your Spells              Type           Power      Damage    Failure   Level
a - Storm Form            Tmut/Air       67%        N/A       1%          7
b - Wereblood             Tmut           100%       N/A       0%          2
c - Vhi's Electric Charg  Tloc/Air       100%       N/A       1%          3

Your spell library contained the following spells:

 Spells                   Type           Power      Damage    Failure   Level
 Beastly Appendage        Tmut           100%       N/A       0%          1
 Airstrike                Air            67%        2d(10-26) 0%          4
 Blade Hands              Tmut           55%        N/A       0%          5
 Freeze                   Ice            100%       1d10      1%          1
 Kiss of Death            Conj/Necr      100%       2d13      1%          1
 Magic Dart               Conj           100%       1d8       1%          1
 Slow                     Hex            100%       N/A       1%          1
 Blink                    Tloc           68%        N/A       1%          2
 Call Imp                 Summ           34%        N/A       1%          2
 Cigotuvi's Dreadful Rot  Necr/Pois/Air  100%       N/A       1%          2
 Searing Ray              Conj           68%        2d6       1%          2
 Call Canine Familiar     Summ           34%        N/A       1%          3
 Confusing Touch          Hex            34%        N/A       1%          3
 Dazzling Flash           Conj/Hex       68%        N/A       1%          3
 Frozen Ramparts          Ice            100%       1d16      1%          3
 Hailstorm                Conj/Ice       50%        3d11      1%          3
 Ignite Poison            Fire/Tmut/Pois 71%        N/A       1%          3
 Inner Flame              Hex/Fire       34%        N/A       1%          3
 Mephitic Cloud           Conj/Pois/Air  91%        N/A       1%          3
 Ozocubu's Armour         Ice            60%        N/A       1%          3
 Portal Projectile        Hex/Tloc       68%        N/A       1%          3
 Spider Form              Tmut/Pois      83%        N/A       1%          3
 Stone Arrow              Conj/Erth      68%        3d11      1%          3
 Summon Guardian Golem    Hex/Summ       34%        N/A       1%          3
 Tukima's Dance           Hex            34%        N/A       1%          3
 Vampiric Draining        Necr           48%        2d9       1%          3
 Dispel Undead            Necr           48%        3d18      1%          4
 Ice Form                 Ice/Tmut       90%        N/A       1%          4
 Summon Ice Beast         Ice/Summ       50%        N/A       1%          4
 Summon Lightning Spire   Summ/Air       100%       N/A       1%          4
 Arcjolt                  Conj/Air       52%        1d62      1%          5
 Freezing Cloud           Conj/Ice/Air   48%        6-21      1%          5
 Lightning Bolt           Conj/Air       52%        1d74      1%          5
 Yara's Violent Unravell  Hex/Tmut       41%        3d16      1%          5
 Conjure Ball Lightning   Conj/Air       52%        3x3d18    1%          6
 Eringya's Noxious Bog    Tmut/Pois      41%        N/A       1%          6
 Statue Form              Tmut/Erth      55%        N/A       1%          6
 Dragon Form              Tmut           55%        N/A       1%          7
 Maxwell's Capacitive Co  Air            67%        ∞         1%          8
 Cause Fear               Hex            17%        N/A       3%          4
 Fulminant Prism          Conj/Hex       17%        3d10      3%          4
 Iskenderun's Mystic Bla  Conj/Tloc      34%        2d8       3%          4
 Leda's Liquefaction      Hex/Erth       17%        N/A       3%          4
 Manifold Assault         Tloc           34%        N/A       3%          4
 Olgreb's Toxic Radiance  Pois           34%        N/A       3%          4
 Passage of Golubria      Tloc           34%        N/A       3%          4
 Sticky Flame             Conj/Fire      34%        2d5       3%          4
 Fireball                 Conj/Fire      17%        3d9       10%         5
 Lee's Rapid Deconstruct  Erth           17%        3d10*     10%         5
 Summon Forest            Summ/Tloc      17%        N/A       10%         5
 Summon Mana Viper        Hex/Summ       34%        N/A       10%         5
 Death Channel            Necr           24%        N/A       26%         6
 Necromutation            Tmut/Necr      43%        N/A       32%         8
 Dispersal                Tloc           17%        N/A       45%         6
 Iron Shot                Conj/Erth      17%        9d4       45%         6
 Starburst                Conj/Fire      17%        6d6       45%         6
 Summon Cactus Giant      Summ           17%        N/A       45%         6
 Ozocubu's Refrigeration  Ice            30%        4d14      45%         7
 Haunt                    Necr/Summ      20%        N/A       87%         7
 Enfeeble                 Hex            17%        N/A       94%         7
 Monstrous Menagerie      Summ           17%        N/A       94%         7
 Orb of Destruction       Conj           17%        9d7       94%         7
 Spellforged Servitor     Conj/Summ      17%        N/A       94%         7
 Summon Hydra             Summ           17%        N/A       94%         7
 Chain Lightning          Conj/Air       52%        3d70      99%         9
 Borgnjor's Revivificati  Necr           24%        N/A       100%        8
 Discord                  Hex            17%        N/A       100%        8
 Disjunction              Tloc           17%        N/A       100%        8
 Ignition                 Fire           17%        3d7       100%        8
 Infestation              Necr           24%        N/A       100%        8
 Lehudib's Crystal Spear  Conj/Erth      17%        10d5      100%        8
 Death's Door             Necr           24%        N/A       100%        9
 Dragon's Call            Summ           17%        N/A       100%        9
 Shatter                  Erth           17%        3d16*     100%        9
 Animate Dead             Necr           Unusable   N/A       N/A         4
 Animate Armour           Summ/Erth      Unusable   N/A       N/A         4

Dungeon Overview and Level Annotations

Branches:
Dungeon (15/15)            Temple (1/1) D:4            Lair (5/5) D:11
 Shoals (4/4) Lair:3        Snake (4/4) Lair:3        Slime (0/5) Lair:5
    Orc (2/2) D:12            Elf (3/3) Orc:2        Vaults (5/5) D:13
  Crypt (0/3) Vaults:2     Depths (4/4) D:15            Zot (5/5) Depths:4
  IceCv (visited)          WizLab (visited)         Desolation (visited)

Altars:
Ashenzari
Cheibriados
Dithmenos
Elyvilon
Fedhas
Gozag
Hepliaklqana
Kikubaaqudgha
Makhleb
Nemelex Xobeh
Okawaru
Qazlal
Ru
Trog
Uskayaw
Vehumet
Wu Jian
Xom
Yredelemnul
Zin
The Shining One
Jiyva

Shops:
D:8 :[   D:10 *   D:11 =   D:14 :   Orc:1 :   Orc:2 [**=   Elf:1 :   Elf:3 (
Lair:5 *:   Shoals:1 [=   Shoals:2 [:[   Shoals:4 [*   Snake:1 ==:   Snake:3 *
Snake:4 (=*   Vaults:1 [   Vaults:2 [   Vaults:4 ?   Depths:1 !=*

Portals:
Hell: Depths:3
Abyss: Depths:1 Depths:3
Pandemonium: Depths:3 Depths:4


Innate Abilities, Weirdness & Mutations

You cannot wear most types of armour.
You are amphibious.
You can wear up to eight rings at the same time.
Your skin changes colour to match your surroundings (Stealth+).
Your rubbery body absorbs attacks. (AC +1, EV +1)
((You are camouflaged when in or above water. (Stealth+)))
You have tentacles for arms and can constrict up to eight enemies at once.
You are partially covered in iridescent scales. (AC +2)


Message History

You bellow as the wereblood boils in your veins!
A reaper comes into view.
It is wielding a +0 scythe of protection.
You blast the reaper!!!
Your punch misses the reaper.
The reaper is severely wounded.
You blast the reaper!!!
Lightning courses through the reaper!
You kill the reaper!
You now have 4144 gold pieces (gained 8).
You see here a +0 scythe of protection.
You bellow as the wereblood boils in your veins!
You bellow as the wereblood boils in your veins!
You bellow as the wereblood boils in your veins!
Your transformation is almost over.
A ynoxinul comes into view.
You bellow as the wereblood boils in your veins!
The ynoxinul gestures at you. The iron shot misses you.
You blast the ynoxinul!!!!
You kill the ynoxinul!
You bellow as the wereblood boils in your veins!
You now have 4148 gold pieces (gained 4).
You bellow as the wereblood boils in your veins!
(D) Dungeon (T) Temple (L) Lair (A) Shoals (P) Snake Pit (M) Slime Pits (O) Orcish Mines (E) Elven Halls (V) Vaults (C) Crypt (U) Depths (H) Hell (Z) Zot
Where to? (Enter - D:1 @ (x,y), ? - help)
Okay, then.
Your transformation has ended.
Your staff of air unmelds from your body.
The +1 hat "Evoblyn" {Rampage Int+3} unmelds from your body.
You howl as the wereblood boils in your veins!
Your primal bloodlust is almost over.
There is a stone staircase leading down here.
Your primal bloodlust has ended.
You see here 5 stones.
A Hell Sentinel comes into view.
There is a staircase leading out of the dungeon here.
The Hell Sentinel gestures at you.
The sphere of damnation explodes!
The damnation engulfs you!!!
You have escaped!

.....# #........#........##.#.#
###.#############...#####.###.#.#
#.......##########.## #.# #.#.#
#.#.###............# #.# #.#.#
#.#.# ############## #.# #.#.#
############## #.# #.#.#
.##.∩##∩∩##∩∩# #.# #.#.#
.............##### #.# #.#.#
................@# #.# #....
................## #.# #####
...............## ####.# #
..........1..### #....# #
..#.....∩∩∩### ##.#### #
...#∩..##### #..)#### #
....∩...## #..[...# # .....)#..#
#...##.# # ...##.##.#
######.######


You could see a Hell Sentinel.

Vanquished Creatures
  3 dread liches (Zot:5)
  An ancient lich (Zot:5)
  2 orbs of fire (Zot:5)
  6 Killer Klowns (Zot:5)
  Parghit (Zot:1)
  Saint Roka (Vaults:4)
  Xtahua (Vaults:4)
  A curse toe (Zot:5)
  A profane servitor (D:2)
  the Enchantress (Depths:4)
  4 golden dragons
  A bone dragon (Depths:4)
  Jory (Vaults:4)
  2 Brimstone Fiends
  Rupert (D:15)
  2 electric golems (Zot:5)
  Jorgrun (Snake:3)
  A Hell Sentinel (Zot:1)
  8 tentacled monstrosities
  Mlioglotl (Shoals:1)
  5 quicksilver dragons
  23 Orb Guardians
  5 titans
  2 deep elf master archers (Elf:3)
  A lich (Depths:3)
  2 deep elf blademasters (Elf:3)
  A kraken (Shoals:3)
  4 death cobs
  An ancient champion (WizLab)
  5 sphinxes
  An Executioner (D:4)
  4 shadow dragons (Vaults:5)
  11 tengu reavers
  A draconian monk (Zot:4)
  8 storm dragons
  A daeva (D:9)
  Kirke (Shoals:1)
  Ilsuiw (Shoals:4)
  5 nagarajas
  4 frost giants
  8 fire giants
  2 revenants (WizLab)
  15 vault wardens
  5 deep elf sorcerers
  3 draconian knights
  2 imperial myrmidons (Desolation)
  3 draconian scorchers
  3 ghost moths
  A draconian shifter (Zot:4)
  Louise (Depths:1)
  7 deep elf elementalists
  2 angels (Vaults:1)
  An orc warlord (D:11)
  A caustic shrike zombie (WizLab)
  An iron dragon (Vaults:5)
  A spectral caustic shrike (WizLab)
  5 draconian stormcallers
  A cacodemon (Depths:4)
  3 draconian annihilators
  9 ironbound thunderhulks
  7 very ugly things
  16 ironbound preservers
  4 spriggan defenders
  2 reapers
  14 stone giants
  7 war gargoyles
  7 green draconians
  2 spectral titans (WizLab)
  A lorocyproca (Depths:4)
  A vampire knight (Depths:3)
  7 deep elf annihilators
  3 black draconians
  8 deep elf demonologists
  6 purple draconians
  6 halazid warlocks
  3 red draconians
  A spark wasp (Depths:3)
  2 yellow draconians
  2 white draconians
  8 dire elephants
  6 crystal guardians
  2 spectral quicksilver dragons (WizLab)
  Snorg (D:12)
  Josephine (D:12)
  10 ettins
  2 blizzard demons
  11 deep elf death magi
  7 merfolk javelineers
  11 yaktaur captains
  2 eidola (WizLab)
  10 merfolk impalers
  3 deep elf high priests
  6 fire dragons
  3 great orbs of eyes
  5 ragged hierophants (Desolation)
  5 servants of whispers (Desolation)
  6 ice dragons
  11 peacekeepers
  9 hydras
  2 jiangshi (WizLab)
  32 vault guards
  4 salamander tyrants
  7 ironbound frosthearts
  2 rakshasas (Depths:3)
  2 merfolk avatars
  3 spriggan air magi
  Erica (D:8)
  5 ogre magi
  14 centaur warriors
  2 catoblepae
  6 merfolk aquamancers
  4 alligator snapping turtles
  13 anacondas
  5 boulder beetles
  24 two-headed ogres
  30 dancing weapons
  5 deep troll earth magi
  A satyr (Shoals:4)
  13 naga warriors
  A two-headed ogre (shapeshifter) (Vaults:5)
  3 tengu warriors
  10 shock serpents
  2 vampire magi
  11 death yaks (Lair:5)
  2 orc high priests
  A shock serpent (shapeshifter) (Vaults:5)
  A titan zombie (WizLab)
  18 naga sharpshooters
  A spriggan berserker (Depths:3)
  9 hell knights
  A soul eater (Depths:3)
  2 thrashing horrors (Abyss:3)
  A storm dragon zombie (Depths:3)
  A fire crab (Lair:5)
  20 deep elf knights
  2 sun demons (Depths:3)
  4 iron trolls
  2 wretched stars
  4 sixfirhies
  2 shadow wraiths (WizLab)
  7 salamander mystics
  17 skeletal warriors
  2 spectral spark wasps (WizLab)
  3 glowing orange brains
  2 spark wasp zombies (WizLab)
  A deep troll (shapeshifter) (Vaults:5)
  An orb spider (shapeshifter) (Vaults:5)
  A kraken simulacrum (Shoals:4)
  A golden dragon zombie (Depths:3)
  37 deep trolls
  2 orange crystal statues (Zot:5)
  4 sea snakes
  7 naga ritualists
  2 death drakes (Depths:3)
  20 lindwurms
  A shadow demon (Depths:3)
  6 phantasmal warriors
  5 flayed ghosts
  9 wizards
  8 deep elf archers
  3 necromancers
  2 glowing shapeshifters (Vaults:5)
  23 ironbound convokers
  19 harpies
  36 deep elf zephyrmancers
  4 orc knights
  3 orc sorcerers
  A salamander (shapeshifter) (Vaults:3)
  15 manticores
  13 mana vipers
  A spectral spriggan (WizLab)
  A cyclops (shapeshifter) (Elf:1)
  20 ugly things
  26 deep elf pyromancers
  A stone giant zombie (Vaults:4)
  4 cyclopes
  51 salamanders
  11 fauns
  12 merfolk sirens
  37 black mambas
  A fire giant skeleton (Vaults:2)
  14 moths of wrath
  12 guardian serpents
  2 ice statues (IceCv)
  10 elephants
  A torpor snail (Lair:5)
  Maurice (D:12)
  2 smoke demons
  2 water nymphs
  A demonic crawler (Abyss:3)
  A rust devil (Depths:3)
  29 vault sentinels
  12 naga magi
  3 orange demons
  3 molten gargoyles
  A gargoyle (D:12)
  2 rime drakes
  7 cane toads
  An efreet (D:14)
  A kobold demonologist (D:10)
  A hellion (Zot:4)
  13 komodo dragons
  4 unseen horrors
  5 human skeletons
  21 yaktaurs
  2 freezing wraiths (Vaults:5)
  4 tengu conjurers
  An anaconda simulacrum (IceCv)
  10 ice devils
  A yaktaur skeleton (Vaults:4)
  10 trolls
  An ancient zyme (Abyss:3)
  2 harpy zombies (WizLab)
  2 red devils (Depths:3)
  9 meliai
  2 polar bears
  8 wind drakes
  35 merfolk
  A spectral harpy (WizLab)
  4 hornets
  A blink frog (shapeshifter) (D:11)
  48 saltlings (Desolation)
  A hellwing (Depths:3)
  A raiju (shapeshifter) (D:15)
  Prince Ribbit (D:7)
  A spriggan zombie (WizLab)
  10 blink frogs (Lair:3)
  A dream sheep (shapeshifter) (Vaults:5)
  8 dream sheep
  11 snapping turtles
  36 slime creatures
  An ettin skeleton (Vaults:2)
  12 flying skulls (WizLab)
  2 shadows
  2 ynoxinuls
  A dire elephant simulacrum (IceCv)
  5 spriggans
  17 water elementals
  2 spriggans (shapeshifter) (D:14)
  3 air elementals
  7 wraiths
  2 elf skeletons (Vaults:2)
  8 wyverns
  5 hogs (Shoals:1)
  10 basilisks
  4 fire elementals
  54 yaks
  A culicivora (shapeshifter) (D:15)
  4 redbacks (Vaults:5)
  3 chaos spawn
  3 death yak simulacra (IceCv)
  4 steam dragons
  2 neqoxecs
  13 vampire mosquitoes
  8 wargs
  Edmund (D:6)
  3 large abominations
  34 nagas
  4 acid dragons
  8 hell hounds
  18 water moccasins
  A glowing shapeshifter skeleton (Depths:3)
  A hydra simulacrum (IceCv)
  24 orc warriors
  3 sky beasts
  A black bear (D:6)
  2 ice beasts
  27 ogres
  A human zombie (Vaults:4)
  31 wolves
  21 centaurs
  A phantom (D:5)
  8 kobold brigands
  Blork the orc (D:6)
  2 bullfrogs
  A necrophage (D:6)
  3 scorpions
  3 earth elementals
  A two-headed ogre simulacrum (IceCv)
  2 gnoll sergeants
  2 cane toad simulacra
  12 wights
  13 killer bees
  2 howler monkeys
  A crimson imp (D:4)
  6 lava snakes
  4 hounds
  A jelly (D:5)
  6 orc priests
  A gnoll bouda (D:9)
  4 iguanas
  11 orc wizards
  6 spriggan simulacra
  4 troll simulacra
  5 hell rats (Lair:4)
  A polar bear simulacrum (IceCv)
  A wolf simulacrum (IceCv)
  7 gnolls (D:9)
  5 adders
  3 naga simulacra
  4 white imps
  5 ufetubi
  2 worms
  3 dart slugs
  55 orcs
  7 endoplasms
  3 giant cockroaches
  4 hobgoblins
  2 jackals (D:5)
  2 quokkas
  2 ball pythons
  4 bats
  2 frilled lizards (D:3)
  4 goblins
  44 kobolds
  6 rats
  3 tentacles
2093 creatures vanquished.

Vanquished Creatures (collateral kills)
  2 golden dragons
  2 Orb Guardians (Zot:5)
  2 shadow dragons
  4 storm dragons
  3 draconian monks
  A draconian stormcaller (Zot:5)
  A draconian shifter (Zot:1)
  2 green draconians
  2 black draconians
  3 white draconians
  A purple draconian (Zot:4)
  16 moths of wrath
  An orange demon (Zot:3)
40 creatures vanquished.

Vanquished Creatures (others)
  An orb of fire (Zot:5)
  2 Killer Klowns (Zot:5)
  A golden dragon (Zot:1)
  2 tentacled monstrosities
  2 Orb Guardians (Zot:5)
  3 death cobs
  A draconian monk (Zot:5)
  2 draconian knights (Zot:1)
  A deep elf sorcerer (Vaults:5)
  A draconian scorcher (Zot:5)
  3 draconian stormcallers
  A draconian shifter (Zot:1)
  2 draconian annihilators
  2 green draconians
  A yellow draconian (Zot:1)
  3 purple draconians
  A white draconian (Zot:1)
  3 red draconians
  A deep elf zephyrmancer (Elf:1)
  2 moths of wrath
  A merfolk siren (Shoals:2)
  A flying skull (WizLab)
  A water elemental (Elf:1)
  2 humans (Shoals:1)
  An acid dragon (Zot:4)
  A killer bee (D:11)
  A lava snake (Snake:1)
  A white imp (D:8)
  A bush (Lair:3)
  23 fungi
  82 plants
  2 starspawn tentacles (Shoals:1)
  5 tentacles
157 creatures vanquished.

Grand Total: 2290 creatures vanquished

Notes
Turn   | Place    | Note
-------+----------+-------------------------------------------
     0 | D:1      | wormed the Octopode Transmuter began the quest for the Orb.
     0 | D:1      | Reached XP level 1. HP: 13/13 MP: 3/3
   334 | D:1      | Reached XP level 2. HP: 18/18 MP: 3/5
   681 | D:1      | Identified a scroll of acquirement
   681 | D:1      | Acquired the ring "Dingucs" {rPois Will+ Int+3}
   888 | D:2      | Reached XP level 3. HP: 23/23 MP: 6/6
  1334 | D:3      | Found a faded altar of an unknown god.
  1380 | D:3      | Reached skill level 1 in Ice Magic
  1380 | D:3      | Reached XP level 4. HP: 29/29 MP: 5/7
  1766 | D:3      | Found a burning altar of Makhleb.
  1989 | D:3      | Learned a level 2 spell: Wereblood
  1994 | D:3      | Learned a level 4 spell: Ice Form
  2181 | D:4      | You fall into a shaft and drop 1 floor!
  2181 | D:5      | Entered Level 5 of the Dungeon
  2251 | D:4      | Found a staircase to the Ecumenical Temple.
  2265 | Temple   | Entered the Ecumenical Temple
  2278 | Temple   | Became a worshipper of Gozag Ym Sagoz the Greedy
  2383 | D:4      | Reached XP level 5. HP: 34/34 MP: 6/8
  2552 | D:4      | Noticed an ogre
  2566 | D:4      | Killed an ogre
  2567 | D:4      | Reached XP level 6. HP: 29/39 MP: 6/10
  3292 | D:5      | Reached XP level 7. HP: 45/45 MP: 4/11
  4088 | D:6      | Reached skill level 5 in Transmutations
  4121 | D:6      | Noticed Blork the orc
  4128 | D:6      | Reached XP level 8. HP: 52/52 MP: 7/13
  4134 | D:6      | Killed Blork the orc
  4319 | D:6      | Found a broken altar of Ashenzari.
  4560 | D:6      | Noticed Edmund
  4574 | D:6      | Killed Edmund
  4575 | D:6      | Reached skill level 5 in Unarmed Combat
  5290 | D:7      | Noticed a hornet
  5296 | D:7      | Reached XP level 9. HP: 58/58 MP: 9/15
  5304 | D:7      | Paralysed by a hornet for 1 turns
  5306 | D:7      | Killed a hornet
  5689 | D:7      | Noticed a troll
  5690 | D:7      | Noticed a cyan ugly thing
  5693 | D:7      | Killed a troll
  5694 | D:7      | Reached skill level 5 in Dodging
  5696 | D:7      | HP: 2/72 [cyan ugly thing (15)]
  6159 | D:8      | Reached skill level 5 in Fighting
  6180 | D:8      | Reached skill level 5 in Spellcasting
  6224 | D:8      | Reached XP level 10. HP: 51/66 MP: 17/17
  6468 | D:7      | Noticed Prince Ribbit
  6487 | D:7      | Killed Prince Ribbit
  6785 | D:7      | Killed a cyan ugly thing
  7006 | D:7      | Found an ancient bone altar of Kikubaaqudgha.
  7376 | D:8      | Found a stormy altar of Qazlal.
  7668 | D:8      | Identified the +5 mace of Responsibility {heavy, rPois}
  7671 | D:8      | Found Pimont's Armour Boutique.
  7884 | D:8      | Noticed Erica
  7899 | D:8      | Killed Erica
  8103 | D:8      | Found a blossoming altar of Fedhas.
  8103 | D:8      | Found a snail-covered altar of Cheibriados.
  8843 | D:9      | Reached XP level 11. HP: 74/74 MP: 14/20
  8891 | D:9      | Found an ornate altar of the Wu Jian Council.
  9026 | D:9      | Noticed a two-headed ogre
  9035 | D:9      | Killed a two-headed ogre
  9341 | D:9      | Found a radiant altar of Vehumet.
  9457 | D:10     | Entered Level 10 of the Dungeon
  9670 | D:10     | Reached skill level 10 in Transmutations
 10469 | D:10     | Acquired 720 gold pieces
 10591 | D:11     | Reached skill level 1 in Air Magic
 10739 | D:11     | Noticed a deep elf pyromancer
 11057 | D:11     | HP: 1/90 [deep elf pyromancer/bolt of fire (36)]
 11058 | D:11     | Killed a deep elf pyromancer
 11117 | D:11     | Noticed a six-headed hydra
 11146 | D:11     | Killed a six-headed hydra
 11224 | D:11     | Found a runed translucent door.
 11227 | D:11     | Noticed an orc warlord
 11386 | D:11     | Found a staircase to the Lair.
 11424 | D:11     | Reached XP level 12. HP: 62/81 MP: 17/22
 11549 | D:11     | Noticed a two-headed ogre
 11562 | D:11     | Killed a two-headed ogre
 11896 | D:11     | Identified the amulet of the Tempest {rC+ Regen+ Int+4
                  | Dex+3}
 11945 | D:11     | Bought a +6 ring of strength for 504 gold pieces
 11956 | D:11     | Learned a level 7 spell: Storm Form
 11960 | Lair:1   | Entered Level 1 of the Lair of Beasts
 12023 | Lair:1   | Reached skill level 5 in Air Magic
 12444 | Lair:1   | You fall into a shaft and drop 1 floor!
 12522 | Lair:2   | Noticed a boulder beetle
 13249 | Lair:2   | Found a hide-covered altar of Uskayaw.
 13249 | Lair:2   | Found an ornate altar of the Wu Jian Council.
 13273 | Lair:2   | Killed a boulder beetle
 13511 | Lair:2   | Noticed a boulder beetle
 13539 | Lair:2   | Killed a boulder beetle
 13946 | Lair:3   | Found a staircase to the Snake Pit.
 14327 | Lair:3   | Found a staircase to the Shoals.
 14499 | Lair:3   | Reached XP level 13. HP: 74/86 MP: 19/25
 16881 | Lair:5   | Entered Level 5 of the Lair of Beasts
 16955 | Lair:5   | Reached skill level 10 in Air Magic
 17134 | Lair:5   | Reached XP level 14. HP: 79/92 MP: 17/27
 17594 | Lair:5   | Reached skill level 10 in Spellcasting
 17654 | Lair:5   | Found a viscous altar of Jiyva.
 17665 | Lair:5   | Reached skill level 15 in Transmutations
 17706 | Lair:5   | Found a staircase to the Slime Pits.
 18287 | Lair:5   | Found a large runed translucent door.
 18287 | Lair:5   | Found a large runed translucent door.
 19117 | D:11     | Noticed a war gargoyle
 19119 | D:11     | Killed an orc warlord
 19122 | D:11     | Killed a war gargoyle
 19174 | D:11     | Identified the +0 cloak of the Moon {Rampage rF+}
 19300 | D:12     | Noticed Snorg
 19313 | D:12     | Killed Snorg
 19314 | D:12     | Reached XP level 15. HP: 92/97 MP: 29/29
 19370 | D:12     | Found a staircase to the Orcish Mines.
 19380 | D:12     | Noticed Josephine
 19386 | D:12     | Noticed Maurice
 19395 | D:12     | Killed Josephine
 19405 | D:12     | Killed Maurice
 20220 | D:13     | Found a gate to the Vaults.
 20279 | D:13     | Found a flickering gateway to a bazaar.
 20286 | Bazaar   | Entered a bazaar
 20286 | Bazaar   | Found Geurphah's Assorted Antiques.
 20299 | Bazaar   | Found Rosawiath's Book Shoppe.
 20307 | Bazaar   | Bought Maxwell's Memoranda for 456 gold pieces
 20307 | Bazaar   | Bought Great Wizards, Vol. VII for 360 gold pieces
 20307 | Bazaar   | Bought a book of Death for 528 gold pieces
 20323 | Bazaar   | Found Huzoir's Jewellery Shoppe.
 20328 | Bazaar   | Found Rywkerph's Magic Scroll Shop.
 20334 | Bazaar   | Found Noloaff's Book Emporium.
 20971 | D:14     | Found Wooduore's Book Boutique.
 21331 | D:14     | Identified the ring of the Jumping Gods {Fly rElec rN+
                  | Str+2 Int-5}
 22085 | D:15     | Entered Level 15 of the Dungeon
 22213 | D:15     | Found a staircase to the Depths.
 22267 | D:15     | Noticed Rupert
 22274 | D:15     | Killed Rupert
 22834 | D:15     | Found a sacrificial altar of Ru.
 23158 | Orc:1    | Entered Level 1 of the Orcish Mines
 23245 | Orc:1    | Found Nifoutyi's Vocational Training.
 23330 | Orc:2    | Entered Level 2 of the Orcish Mines
 23330 | Orc:2    | Found a staircase to the Elven Halls.
 23398 | Orc:2    | Reached XP level 16. HP: 105/105 MP: 31/31
 23447 | Orc:2    | Paralysed by an ogre mage for 2 turns
 23476 | Orc:2    | Found Amomodet's Assorted Antiques.
 23476 | Orc:2    | Found Hoazaj's Antique Armour Shoppe.
 23487 | Orc:2    | Found Mocab's Assorted Antiques.
 23487 | Orc:2    | Found Kiocs's Jewellery Emporium.
 23604 | Orc:1    | Found a frozen archway.
 23616 | IceCv    | Entered an ice cave
 23740 | IceCv    | Reached skill level 15 in Air Magic
 24733 | Orc:2    | Bought a scroll of acquirement for 1352 gold pieces
 24964 | Orc:2    | Bought the ring "Appugu" {rC+ Str+7 Int-2 SInv} for 553
                  | gold pieces
 24964 | Orc:2    | Bought a +5 ring of evasion for 504 gold pieces
 24968 | Orc:2    | Acquired the +1 hat "Evoblyn" {Rampage Int+3}
 25114 | Snake:1  | Entered Level 1 of the Snake Pit
 25238 | Snake:1  | Found Wevuh's Jewellery Shoppe.
 25239 | Snake:1  | Found Ahiwaruw's Book Shop.
 25240 | Snake:1  | Found Tastig's Jewellery Shoppe.
 25669 | Orc:2    | Bought the ring "Nawkih" {rF+ rCorr} for 526 gold pieces
 26345 | Snake:1  | Reached XP level 17. HP: 78/113 MP: 27/33
 26395 | Snake:1  | Got the Incunable of the Harmful Evil Eye
 26545 | Snake:1  | Reached skill level 10 in Unarmed Combat
 27133 | Snake:2  | Reached skill level 10 in Dodging
 27135 | Snake:2  | Reached skill level 10 in Fighting
 28571 | Snake:3  | Noticed Jorgrun
 28577 | Snake:3  | Killed Jorgrun
 29175 | Snake:3  | Found Urarr's Assorted Antiques.
 29552 | Snake:4  | Entered Level 4 of the Snake Pit
 29804 | Snake:4  | Reached XP level 18. HP: 124/124 MP: 27/34
 30064 | Snake:4  | Found Hucuen's Assorted Antiques.
 30227 | Snake:4  | Found Jicikeff's Jewellery Shop.
 30287 | Snake:4  | Bought a +6 ring of intelligence for 612 gold pieces
 30503 | Snake:4  | Found Dedal's Antique Weapon Emporium.
 31015 | Snake:4  | Got a serpentine rune of Zot
 31250 | Shoals:1 | Entered Level 1 of the Shoals
 31256 | Shoals:1 | Noticed Kirke
 31266 | Shoals:1 | Killed Kirke
 31724 | Shoals:1 | Noticed Mlioglotl
 31735 | Shoals:1 | Killed Mlioglotl
 31914 | Shoals:1 | Identified the +4 hand axe "Icvid" {pain, Will+ Dex+5}
 32269 | Shoals:1 | Acquired 749 gold pieces
 32274 | Shoals:1 | Bought a +4 ring of protection for 576 gold pieces
 32409 | Snake:4  | Bought a +4 ring of protection for 612 gold pieces
 32753 | Shoals:2 | Identified the +7 triple sword of Sharkskin {freeze, rElec
                  | rN+}
 32796 | Shoals:2 | Found Keuna's Book Emporium.
 33010 | Abyss:3  | Cast into level 3 of the Abyss (a deep elf demonologist)
 33130 | Abyss:3  | Reached XP level 19. HP: 132/132 MP: 30/35
 33294 | Shoals:2 | Escaped the Abyss
 33303 | Shoals:2 | Noticed an Ice Fiend
 33513 | Shoals:2 | Found Qysm's Armour Emporium.
 33542 | Shoals:2 | Found Boroipor's Antique Armour Emporium.
 35007 | Shoals:4 | Entered Level 4 of the Shoals
 35415 | Shoals:4 | Got a barnacled rune of Zot
 35489 | Shoals:4 | Noticed Ilsuiw
 35511 | Shoals:4 | Killed Ilsuiw
 35608 | Shoals:4 | Found Fulatium's Assorted Antiques.
 35857 | Shoals:4 | Found Cociuz's Armour Shoppe.
 36167 | Shoals:4 | Identified the ring of Noon {rF+ Str+3 Int-2 SInv}
 36320 | Shoals:3 | Learned a level 3 spell: Vhi's Electric Charge
 36524 | Elf:1    | Entered Level 1 of the Elven Halls
 36824 | Elf:1    | Found Fiugg's Book Shop.
 36854 | Elf:1    | Reached XP level 20. HP: 100/140 MP: 32/36
 37848 | Elf:2    | Found a huge runed translucent gate.
 37848 | Elf:2    | Found a huge runed translucent gate.
 37848 | Elf:2    | Found a huge runed translucent gate.
 37848 | Elf:2    | Found a huge runed translucent gate.
 37848 | Elf:2    | Found a huge runed translucent gate.
 37998 | Elf:2    | Found Tawe's Armour Emporium.
 38206 | Elf:2    | Found a portal to a secret trove of treasure.
 38803 | Elf:2    | You paid a toll of a +6 demon trident to enter a treasure
                  | trove
 38804 | Trove    | Entered a treasure trove
 38813 | Trove    | Identified the ring of Arame {Wiz Str+9}
 38819 | Trove    | Identified the ring of Daffodils {Fire rPois Dex+7}
 39585 | Elf:3    | Entered Level 3 of the Elven Halls
 39905 | Elf:3    | Gained mutation: You are dopey. (Int -2) [a neqoxec]
 39939 | Elf:3    | Reached XP level 21. HP: 136/147 MP: 25/37
 40043 | Elf:3    | Identified the +5 morningstar of the Other Side {flame,
                  | rElec rC+ Str+3 Int-4}
 40099 | Elf:3    | Got the Parchment of the Violent Dragon
 40261 | Elf:3    | Found Wetoemop's Weapon Shop.
 40890 | Lair:5   | Bought a Necronomicon for 1008 gold pieces
 41120 | Vaults:1 | Entered Level 1 of the Vaults
 41290 | Vaults:1 | Found a white marble altar of Elyvilon.
 41290 | Vaults:1 | Found a glowing golden altar of the Shining One.
 41299 | Vaults:1 | Found a glowing silver altar of Zin.
 41299 | Vaults:1 | Found a crumbling gateway.
 41330 | Desolati | Entered the Desolation of Salt
 41532 | Desolati | Identified the amulet of Xom's Ringing Laughter {Acrobat
                  | rC+ Will- Regen+ Str+3}
 41650 | Desolati | Found the macabre finger necklace {rN+}
 41655 | Desolati | Identified the ring of Miskuz {rPois rN+ Int+4}
 41666 | Desolati | Identified the ring "Ywka" {Ice rElec rN+ Dex+3}
 41799 | Desolati | Identified the ring "Tos Pell" {rElec rN+ Str+2}
 41870 | Desolati | Identified the ring of Law {rF- rC+ Str+6 Dex+7}
 42745 | Vaults:1 | Reached skill level 15 in Unarmed Combat
 42803 | Vaults:1 | Found Wimuguona's Armour Emporium.
 43695 | Vaults:2 | Reached skill level 15 in Fighting
 43709 | Vaults:2 | Reached skill level 15 in Dodging
 43823 | Vaults:2 | Reached XP level 22. HP: 157/157 MP: 34/39
 44584 | Vaults:2 | Found a staircase to the Crypt.
 44881 | Vaults:2 | Found Conanosit's Antique Armour Shop.
 45126 | Vaults:3 | Found a magical portal.
 45169 | WizLab   | Entered Borgnjor's Mausoleum
 46375 | Vaults:3 | Identified the amulet "Roejuig" {Acrobat Will+ Regen+ Int-3
                  | Slay+6}
 47580 | Vaults:4 | Identified the ring "Dusasici" {rCorr Dex+6 Stlth+}
 47688 | Vaults:4 | Reached XP level 23. HP: 157/165 MP: 36/41
 48047 | Vaults:4 | Noticed Jory
 48052 | Vaults:4 | Noticed Saint Roka
 48059 | Vaults:4 | Killed Saint Roka
 48059 | Vaults:4 | Killed Jory
 48410 | Vaults:4 | Found Luenoff's Magic Scroll Shop.
 48585 | Vaults:4 | Noticed Xtahua
 48592 | Vaults:4 | Killed Xtahua
 49022 | Vaults:5 | Entered Level 5 of the Vaults
 49067 | Vaults:5 | Reached skill level 15 in Spellcasting
 49306 | Vaults:5 | Reached XP level 24. HP: 140/175 MP: 42/42
 49869 | Vaults:5 | Identified the +1 flail of Shame {heavy, rElec rC+ SInv}
 50052 | Vaults:5 | Got the Parchment of Ill Luck
 50077 | Vaults:5 | Got a silver rune of Zot
 50843 | Vaults:5 | Got the Meditations on Plutonic Ill Luck
 51253 | Depths:1 | Entered Level 1 of the Depths
 51323 | Depths:1 | Found an iron altar of Okawaru.
 51352 | Depths:1 | Identified the +6 hand axe "Vadag" {heavy, rPois Str+5}
 51418 | Depths:1 | Found Memiolug's General Store.
 51437 | Depths:1 | Found a one-way gate to the infinite horrors of the Abyss.
 51449 | Depths:1 | Noticed Louise
 51456 | Depths:1 | Killed Louise
 51573 | Depths:1 | Found Qeycub's Jewellery Shoppe.
 51573 | Depths:1 | Found Gibykhley's Distillery.
 52248 | Depths:3 | Found a one-way gate leading to the halls of Pandemonium.
 52327 | Depths:3 | Found a gateway to Hell.
 52425 | Depths:4 | Entered Level 4 of the Depths
 52515 | Depths:4 | Reached XP level 25. HP: 184/184 MP: 43/43
 52515 | Depths:4 | Noticed the Enchantress
 52524 | Depths:4 | Killed the Enchantress
 52578 | Depths:4 | Identified the +6 arbalest "Holunk" {drain, rC+ rN+ Int+2}
 53107 | Depths:4 | Found a gate to the Realm of Zot.
 53128 | Zot:1    | Entered Level 1 of the Realm of Zot
 53457 | Zot:1    | Noticed an orb of fire
 53511 | Zot:1    | Noticed Parghit
 54394 | Zot:2    | Noticed a Killer Klown
 54746 | Zot:3    | Identified the +10 long sword "Loept" {flame, Fragile rC+
                  | Str+4 Dex+2}
 54936 | Zot:5    | Entered Level 5 of the Realm of Zot
 55043 | Zot:5    | Noticed a dread lich
 55051 | Zot:5    | Noticed a Killer Klown
 55053 | Zot:5    | Noticed an orb of fire
 55057 | Zot:5    | Killed a dread lich
 55062 | Zot:5    | Noticed a Killer Klown
 55062 | Zot:5    | Noticed a Killer Klown
 55062 | Zot:5    | Noticed a dread lich
 55063 | Zot:5    | Gained mutation: You are occasionally teleported next to
                  | monsters. [an orb of fire]
 55067 | Zot:5    | Killed an orb of fire
 55067 | Zot:5    | Killed a Killer Klown
 55081 | Zot:5    | Killed a dread lich
 55082 | Zot:5    | Killed a Killer Klown
 55084 | Zot:5    | Killed a Killer Klown
 55137 | Zot:5    | Reached XP level 26. HP: 153/195 MP: 22/44
 55137 | Zot:5    | Noticed a Killer Klown
 55139 | Zot:5    | Noticed an orb of fire
 55142 | Zot:5    | Noticed a Killer Klown
 55153 | Zot:5    | Noticed a Killer Klown
 55154 | Zot:5    | Noticed a Killer Klown
 55157 | Zot:5    | Killed a Killer Klown
 55165 | Zot:5    | Gained mutation: You are vulnerable to cold. (rC-) [an orb
                  | of fire]
 55171 | Zot:5    | Killed a Killer Klown
 55173 | Zot:5    | Noticed a dread lich
 55180 | Zot:5    | Killed an orb of fire
 55191 | Zot:5    | Killed a Killer Klown
 55196 | Zot:5    | Killed a dread lich
 55200 | Zot:5    | Killed a Killer Klown
 55462 | Zot:5    | Noticed an ancient lich
 55475 | Zot:5    | Killed an ancient lich
 55814 | Zot:5    | Acquired 907 gold pieces
 55816 | Zot:5    | Lost mutation: You are dopey. (Int -2) [potion of mutation]
 55816 | Zot:5    | Lost mutation: You are occasionally teleported next to
                  | monsters. [potion of mutation]
 55816 | Zot:5    | Lost mutation: You are vulnerable to cold. (rC-) [potion of
                  | mutation]
 55816 | Zot:5    | Gained mutation: You are partially covered in iridescent
                  | scales. (AC +2) [potion of mutation]
 55817 | Zot:5    | Got the Orb of Zot
 55941 | Zot:4    | Identified the +9 quarterstaff of Edwat {distort, rElec
                  | rPois Str+2 Int-2}
 56076 | Zot:1    | Killed Parghit
 56230 | Depths:3 | Noticed Kyejy the pandemonium lord
 56612 | D:5      | Noticed Exzeowef the pandemonium lord
 56713 | D:1      | Reached skill level 1 in Necromancy
 56790 | D:$      | Escaped with the Orb!

Illustrated notes

Levels and vault maps discovered:
D:1:      amcnicky_arrival_abandoned_market, layout_loops_ring
D:2:      layout_rooms
D:3:      layout_basic, bloody_makhleb, hellmonk_ecumenical_altar_crossroads,
          wander_ebering_terrifying_dragon_lair
D:4:      layout_gridville, minmay_temple_entry_mini_moons,
          minmay_fire_ice_demons
D:5:      layout_cave_pools
D:6:      layout_basic, lemuel_crystal_altar, uniq_edmund, uniq_blork_the_orc
D:7:      minmay_cornered_nines, layout_basic, general_overflow_altar,
          uniq_prince_ribbit1
D:8:      layout_loops_ring, nicolae_qazlal_general_emergency,
          gammafunk_temple_overflow_wave, serial_shops, nicolae_take_the_stairs,
          blue_anna_alchemist, uniq_erica
D:9:      layout_cave_pods, lemuel_crystal_altar, mainiacjoe_overflow_brackets,
          serial_column_ruins, column_ruins_square_large, column_ruins_hut,
          column_ruins_open_small, column_ruins_open_small,
          column_ruins_open_small, column_ruins_corridor_straight,
          column_ruins_open_small
D:10:     layout_grid_maze, centaur_isle
D:11:     layout_loops_ring, minmay_lair_entry_grove, minivault_13
D:12:     layout_irregular_city, orc_0_dummy, uniq_maurice, uniq_josephine,
          uniq_snorg
D:13:     layout_basic, david_vaults_2, serial_shops, bzr_entry_dummy
D:14:     layout_loops_corners, serial_shops, nicolae_square_shop
D:15:     hangedman_depths_entry_civil_slaughter, layout_small_grid,
          hangedman_ru_absence, uniq_rupert
Temple:   eino_temple_lava
Lair:1:   layout_regular_city, columned_hall_lemuel, grunt_megastairs_3,
          infiniplex_staircase_pool, serial_bayou_shore_b
Lair:2:   beast_lair_carwin_large_2, layout_big_grid,
          nzn_masters_of_martial_movement, grunt_megastairs_2,
          lemuel_fruit_tree, serial_bayou_shore_b, serial_bayou_shore_b
Lair:3:   layout_roguey, minmay_shoals_entry_hut, dummy_snake_entry,
          beast_lair_carwin_4
Lair:4:   layout_cave_pods, grunt_megastairs_4, infiniplex_staircase_pool_2
Lair:5:   cheibrodos_lair_end_hotspot, layout_regular_city, slime_entry_1,
          grunt_forest_stairs_basic
Shoals:1: layout_shoals, uniq_mlioglotl, uniq_kirke
Shoals:2: nicolae_shoals_deep_elves_summer_vacation, layout_shoals,
          serial_shops, shop, shop_fountains, shop
Shoals:3: layout_shoals
Shoals:4: shoals_end_grunt_ice, layout_shoals, shoals_ilsuiw_ice, serial_shops,
          shop_statue, nicolae_shop_stone
Snake:1:  layout_onion, nicolae_snake_salamander_zone, grunt_megastairs_1,
          minmay_shop_grove
Snake:2:  layout_layer_cave
Snake:3:  layout_basic, serial_shops, shop, serial_bayou_shore_b, uniq_jorgrun
Snake:4:  snake_pit_salamanders_mu, layout_misc_corridors, serial_shops,
          nicolae_shop_stone, nicolae_shop_advertising_works
          [nicolae_subvault_shop_adworks], shop
Orc:1:    layout_caves, serial_shops, shop, portal_ice_cave_entry_ice_simulacra,
          nicolae_shop_vocational
Orc:2:    st_orc_ogre_mass, layout_caves, basic_altar, sword_in_stone
Elf:1:    elf_arrival_002, layout_loops_cross, serial_shops, nicolae_shop_stone,
          evilmike_minifort, minivault_19
Elf:2:    elven_hall_of_blades_hangedman_alternative
          [nicolae_blade_entry_hurt_lockers], layout_loops_cross, enter_trove_2,
          serial_shops, shop, nicolae_elf_blasts_and_bolts
Elf:3:    grunt_elf_hall_spiral, layout_geoelf_octagon, serial_shops,
          nicolae_shop_bloodbath_and_beyond
Vaults:1: portal_desolation_entry_holy_temple, dpeg_vaults_monster_box,
          ontoclasm_vaults_spin, nicolae_vaults_lopsided_apartments,
          ontoclasm_vaults_twist, ontoclasm_vaults_chip, grunt_vaults_swirl,
          v_misc_26, v_misc_10, vaults_room_grid,
          nicolae_vaults_ring_of_whatevers, layout_vaults_big_cross,
          serial_shops, shop_fountains
Vaults:2: nicolae_vaults_little_squares_6, v_misc_9, ontoclasm_vaults_shuriken,
          v_misc_17, v_misc_24, vaults_room_ringed_pool, vaults_room_boxed,
          minmay_crypt_entry_skeletal_spiral, vaults_room_fancy_cross,
          nicolae_vaults_mini_display_case, layout_vaults_big_room,
          serial_shops, nicolae_shop_crystal
Vaults:3: mu_enter_wizlab_1, nicolae_vaults_big_angled_halls,
          hangedman_vaults_nails, st_lattice, vaults_standard_mumra_lines,
          hangedman_vaults_locks, v_misc_32, hangedman_vaults_stream,
          hangedman_vaults_nails, nicolae_vaults_bisected_slash,
          vaults_dpeg_cross, ontoclasm_vaults_pinch,
          nicolae_vaults_little_squares_1, vaults_room_door_ring,
          nicolae_vaults_specimen_jars, grunt_vaults_hallway_short,
          layout_vaults_ring
Vaults:4: ontoclasm_vaults_loading_screen, hangedman_vaults_variations,
          v_misc_9, dpeg_vaults_monster_row, nicolae_vaults_network_periphery,
          grunt_vaults_hallway_short, ontoclasm_vaults_ligature,
          hangedman_vaults_trim, layout_vaults_omnigrid, serial_shops,
          nicolae_shop_behind_doors, uniq_xtahua, uniq_saint_roka, uniq_jory
Vaults:5
Depths:1: layout_basic, dk_noncrumbling_4, serial_shops, shop,
          nicolae_shop_window_shopping, nicolae_shop_crystal, hell_entry,
          nicolae_abyss_entry_one_way_or_another, okawaru_ov_weapons_minmay,
          minmay_shoptagon
Depths:2: minmay_slanted_spiral_squares, layout_basic, enter_ziggurat_a,
          minmay_misc_feat_cross, serial_bayou, serial_bayou_pond_d,
          serial_bayou_lagoon_a, serial_bayou_pond_b, serial_bayou_pond_c,
          rand_demon_pan_entry_1, grunt_hell_entry_dis_old,
          infiniplex_staircase_spiral, serial_bayou_shore_b
Depths:3: lemuel_castle_with_subvaults [lemuel_castle_interior_carwin_2],
          layout_cave_pools, abyss_entry, grunt_pan_entry_in_and_out,
          ebering_ghost_rock_garden, hangedman_geh_valley,
          infiniplex_staircase_river
Depths:4: grunt_zot_entry_funnels, layout_gridlike, pan_entry, hell_entry,
          nicolae_hepliaklqana_hippocampus, amcnicky_mini_pool_medium,
          infiniplex_staircase_pool_lava, uniq_enchantress
Zot:1:    layout_onion, uniq_parghit
Zot:2:    kennysheep_blocky_hall, layout_gridlike
Zot:3:    layout_cathedral_of_symmetry, uniq_tiamat
Zot:4:    layout_onion_interference, st_large_dragon_hoard_1
Zot:5:    layout_misc_corridors

Skill      XL: |  1  2  3  4  5  6  7  8  9 10 11 12 13 14 15 16 17 18 19 20 21 22 23 24 25 26 |
---------------+-------------------------------------------------------------------------------+-----
Ice Magic      | 1 2 3 4 |  4.0
Transmutations | 3 4 5 6 7 9 11 12 14 15 16 17 18 19 | 19.0
Fighting       | 2 3 4 5 6 7 8 9 11 12 13 15 16 17 18 19 21 | 21.0
Dodging        | 3 4 5 6 7 8 9 11 12 13 15 16 17 18 19 21 | 21.0
Unarmed Combat | 4 5 6 7 8 9 11 12 13 14 15 16 17 18 19 21 | 21.0
Spellcasting   | 3 4 5 6 7 8 9 10 11 12 13 14 15 16 17 | 17.0
Air Magic      | 4 7 10 12 14 15 16 17 18 19 | 19.0
Necromancy     | 1 |  1.8

Action                   |  1- 3 |  4- 6 |  7- 9 | 10-12 | 13-15 | 16-18 | 19-21 | 22-24 | 25-27 || total
-------------------------+-------+-------+-------+-------+-------+-------+-------+-------+-------++-------
Melee: Unarmed           |    11 |    50 |   223 |   645 |   668 |   653 |   816 |   761 |   330 ||  4157
       Constrict         |    19 |    13 |     1 |       |     1 |     5 |    12 |     8 |     3 ||    62
       Tentacles         |    14 |    10 |     1 |       |     2 |    23 |    20 |    29 |     3 ||   102
       Staff             |    53 |    52 |     3 |     1 |     5 |    36 |    55 |    55 |     9 ||   269
       Kick              |    11 |    15 |       |       |       |       |       |       |       ||    26
       Punch             |     1 |     1 |       |       |    34 |    52 |    92 |   102 |    56 ||   338
 Cast: Beastly Appendage |    18 |    14 |       |       |       |       |       |       |       ||    32
       Wereblood         |       |     7 |    14 |    61 |    55 |    72 |    68 |    62 |    37 ||   376
       Ice Form          |       |     4 |    17 |    68 |    15 |       |       |       |       ||   104
       Storm Form        |       |       |       |       |    46 |    76 |    68 |    63 |    40 ||   293
       Vhi's Electric Ch |       |       |       |       |       |       |     2 |       |     2 ||     4
Invok: Call Merchant     |       |       |       |     3 |     1 |     2 |     1 |       |       ||     7
       Potion Petition   |       |       |       |       |     2 |     1 |       |       |     8 ||    11
       Bribe Branch      |       |       |       |       |       |       |       |       |     2 ||     2
 Abil: End Transformatio |       |       |       |     1 |       |       |       |       |       ||     1
       Blinkbolt         |       |       |       |       |     4 |     1 |       |       |     2 ||     7
Evoke: Wand              |       |       |       |    16 |       |       |       |       |       ||    16
  Use: Scroll            |     5 |     2 |     7 |    10 |     7 |     5 |     6 |     1 |     2 ||    45
       Potion            |       |     1 |     2 |       |     4 |     2 |       |     5 |     2 ||    16
 Stab: Sleeping          |     5 |     5 |       |       |       |     1 |       |       |       ||    11
       Distracted        |       |     1 |       |     2 |    10 |    14 |     6 |    11 |     8 ||    52
       Invisible         |       |       |       |       |       |       |       |       |     5 ||     5
Armor: Skin              |     6 |    27 |    58 |   209 |   184 |   127 |   165 |   119 |    99 ||   994
Dodge: Dodged            |    53 |    43 |   153 |   533 |   722 |   960 |   800 |   685 |   428 ||  4377

Table legend: (Time is in decaauts)
 A = Elapsed time spent in this place.
 B = Non-inter-level travel time spent in this place.
 C = Inter-level travel time spent in this place.
 D = Time resting spent in this place.
 E = Time spent auto-exploring this place.
 F = Levels seen in this place.
 G = Mean time per level.
                   A        B        C        D        E       F      G
               +--------+--------+--------+--------+--------+-----+--------+
         Total |  55977 |  51700 |   4277 |    288 |  40854 |  54 | 1036.6 |
       Dungeon |  16821 |  15333 |   1488 |    200 |  12337 |  15 | 1121.4 |
        Temple |     22 |     14 |      8 |      0 |      0 |   1 |   22.0 |
          Lair |   7664 |   6783 |    881 |     88 |   5330 |   5 | 1532.8 |
        Shoals |   4731 |   4389 |    342 |      0 |   3495 |   4 | 1182.8 |
     Snake Pit |   5975 |   5491 |    484 |      0 |   4493 |   4 | 1493.8 |
  Orcish Mines |   1440 |   1264 |    176 |      0 |    963 |   2 |  720.0 |
   Elven Halls |   3665 |   3307 |    358 |      0 |   2589 |   3 | 1221.7 |
        Vaults |   8213 |   7953 |    260 |      0 |   6487 |   5 | 1642.6 |
        Depths |   1997 |   1821 |    176 |      0 |   1375 |   4 |  499.2 |
           Zot |   2905 |   2803 |    102 |      0 |   2122 |   5 |  581.0 |
         Abyss |    276 |    276 |      0 |      0 |    221 |   1 |  276.0 |
        Bazaar |     85 |     85 |      0 |      0 |     52 |   1 |   85.0 |
         Trove |     41 |     41 |      0 |      0 |     25 |   1 |   41.0 |
      Ice Cave |    526 |    526 |      0 |      0 |    283 |   1 |  526.0 |
        Wizlab |    712 |    712 |      0 |      0 |    489 |   1 |  712.0 |
    Desolation |    896 |    896 |      0 |      0 |    593 |   1 |  896.0 |
               +--------+--------+--------+--------+--------+-----+--------+

Top non-repeatable levels by time:
  Lair:5: 1991 daAuts
Vaults:5: 1984 daAuts
     D:8: 1765 daAuts
  Lair:4: 1731 daAuts
Vaults:4: 1728 daAuts
 Snake:1: 1705 daAuts
    D:11: 1693 daAuts
 Snake:4: 1575 daAuts
     D:7: 1567 daAuts
   Elf:2: 1559 daAuts
 Snake:2: 1529 daAuts
Vaults:1: 1514 daAuts
Vaults:3: 1498 daAuts
Vaults:2: 1487 daAuts
  Lair:3: 1451 daAuts
